 Dungeon Crawl Stone Soup version 0.23-a0-109-g5e4b187028 (webtiles) character file.

667 MrRokkomies the Bolt Thrower (level 7, 0/44 HPs)
             Began as a Kobold Hunter on Aug 19, 2018.
             Slain by Sigmund
             ... wielding a +0 scythe
              (12 damage)
             ... on level 4 of the Dungeon on Aug 22, 2018.
             The game lasted 00:09:12 (3650 turns).

MrRokkomies the Bolt Thrower (Kobold Hunter)        Turns: 3650, Time: 00:09:12

Health: 0/44       AC:  6    Str: 11    XL:     7   Next: 88%
Magic:  7/7        EV: 12    Int: 13    God:
Gold:   110        SH:  3    Dex: 20    Spells: 6/6 levels left

rFire    . . .     SeeInvis .   b - +1 falchion (slice)
rCold    + . .     Gourm    .   (shield restricted)
rNeg     . . .     Faith    .   p - +0 scale mail (curse)
rPois    .         Spirit   .   (no helmet)
rElec    .         Reflect  +   (no cloak)
rCorr    .         Harm     .   (no gloves)
MR       .....                  (no boots)
Stlth    +.........             n - +3 amulet of reflection
HPRegen  0.14/turn              h - +5 ring of dexterity
MPRegen  0.10/turn              g - ring of protection from cold

@: drained
A: small, carnivore
a: no special abilities


You were on level 4 of the Dungeon.
You were not hungry.

You visited 1 branch of the dungeon, and saw 4 of its levels.

You collected 110 gold pieces.

Inventory:

Hand Weapons
 a - a +2 hand crossbow
 b - a +1 falchion of slicing (weapon)
Missiles
 d - 5 bolts
Armour
 p - a cursed +0 scale mail (worn)
Jewellery
 g - a ring of protection from cold (right hand)
 h - a +5 ring of dexterity (left hand)
 i - an uncursed ring of protection from cold
 n - a +3 amulet of reflection (around neck)
Scrolls
 c - a scroll of fear {unknown}
 e - a scroll of enchant armour
 j - 2 scrolls of identify
 k - a scroll of immolation
 o - a scroll of teleportation
Potions
 l - 2 potions of curing
 m - a potion of brilliance
 q - a potion of might {unknown}
Comestibles
 f - 5 rations


   Skills:
 - Level 5.0(4.3) Fighting
 * Level 3.4(2.7) Long Blades
 * Level 7.1(6.3) Crossbows
 - Level 4.1(3.4) Dodging
 - Level 1.3(0.7) Stealth


You had 6 spell levels left.
You didn't know any spells.
Your spell library was empty.

Dungeon Overview and Level Annotations

Branches:
Dungeon (4/15)
 Temple: D:4-7

Altars:
Nemelex Xobeh
Qazlal

Annotations:
D:4 Sigmund


Innate Abilities, Weirdness & Mutations

You are small and have problems with some larger weapons.
You are carnivorous and can eat meat at any time.


Message History

Found a sparkling altar of Nemelex Xobeh.
No target in view!
No target in view!
No target in view!
Found a scroll of identify.
You block something's attack. Something hits you!
Found 17 gold pieces and a leather armour.
You closely miss something. Something hits you.
You hit something. Something hits you but does no damage.
You hit something but do no damage. Something hits you!
You closely miss something. Something hits you but does no damage.
You closely miss something. You closely miss something.
Something barely misses you.
You hit something. Something hits you.
You miss something. Something hits you!
* * * LOW HITPOINT WARNING * * *
Your scale mail prevents you from hitting something.
You closely miss something. Something hits you!
You die...

#####'###### #..#
#......# ...[ #......#
.. ##..#####.#### #'#
.... ###'######..#
###..###....#.......
...?..#....#.......
###..###....#.......
#_.@{.##....#..)....
..##8$.8##............
..........###.....#..##
.....####.....#####
...... #.....# ......
#.....# .$... #.....#
..... #.....# #######


There were no monsters in sight!

Vanquished Creatures
  Edmund (D:4)
  A scorpion (D:4)
  3 orc priests
  2 orc wizards
  Jessica (D:3)
  2 worker ants (D:4)
  A howler monkey skeleton (D:4)
  13 adders
  3 gnolls (D:3)
  An ooze (D:4)
  4 worms
  2 dart slugs
  4 leopard geckos
  18 orcs
  2 ball pythons
  5 giant cockroaches
  6 hobgoblins
  9 jackals
  7 kobolds
  A quokka (D:4)
  5 bats
  3 frilled lizards
  4 goblins
  6 rats
104 creatures vanquished.

Notes
Turn   | Place    | Note
-------+----------+-------------------------------------------
     0 | D:1      | MrRokkomies the Kobold Hunter began the quest for the Orb.
     0 | D:1      | Reached XP level 1. HP: 12/12 MP: 1/1
    79 | D:1      | Reached skill level 5 in Crossbows
   292 | D:1      | Reached XP level 2. HP: 17/17 MP: 2/2
   671 | D:2      | Reached XP level 3. HP: 18/22 MP: 3/3
   996 | D:2      | Reached skill level 6 in Crossbows
  1081 | D:2      | Reached XP level 4. HP: 27/27 MP: 4/4
  1391 | D:2      | Upgraded the game from 0.23-a0-103-ge8f86619e0 to 0.23-a0-109-g5e4b187028
  1570 | D:3      | Reached XP level 5. HP: 27/33 MP: 5/5
  1811 | D:3      | Found a stormy altar of Qazlal.
  2038 | D:3      | Noticed Jessica
  2041 | D:3      | Killed Jessica
  2091 | D:3      | Reached XP level 6. HP: 35/39 MP: 6/6
  2335 | D:3      | Reached skill level 5 in Fighting
  2947 | D:4      | Reached skill level 1 in Long Blades
  2951 | D:4      | Reached XP level 7. HP: 41/44 MP: 7/7
  2952 | D:4      | Noticed Edmund
  2962 | D:4      | Killed Edmund
  3085 | D:4      | Reached skill level 7 in Crossbows
  3635 | D:4      | Found a sparkling altar of Nemelex Xobeh.
  3635 | D:4      | Noticed Sigmund
  3650 | D:4      | Slain by Sigmund

Vault maps used:
D:1:      dpeg_arrival_rhombi
D:2:      wad_floor_pattern_1, roderic_lattice_a, hangedman_decor_growths
D:3:      lemuel_doored_altar, uniq_jessica
D:4:      minitemple, first_ration, uniq_sigmund, uniq_edmund

Skill      XL: |  1  2  3  4  5  6  7 |
---------------+----------------------+-----
Crossbows      | 5 6 7 |  7.1
Fighting       | 3 4 5 |  5.0
Dodging        | 3 4 |  4.1
Long Blades    | 1 3 |  3.4
Stealth        | |  1.3

Action                   |  1- 3 |  4- 6 |  7- 9 || total
-------------------------+-------+-------+-------++-------
Melee: Short sword       |    54 |    96 |       ||   150
       Falchion          |       |    51 |    60 ||   111
 Fire: Hand crossbow     |    23 |    48 |    14 ||    85
  Use: Potion            |     1 |       |       ||     1
       Scroll            |       |     5 |       ||     5
 Stab: Sleeping          |     1 |     1 |       ||     2
       Distracted        |       |     1 |       ||     1
  Eat: Chunk             |       |     9 |       ||     9
Armor: Leather armour    |     1 |       |       ||     1
       Ring mail         |    18 |    33 |       ||    51
       Scale mail        |       |    14 |     7 ||    21
Dodge: Dodged            |    63 |   115 |    35 ||   213
Block: Other             |       |    12 |    10 ||    22
       Rpst.: Falchion   |       |    20 |     9 ||    29

Table legend:
 A = Non-vault XP
 B = Vault XP
 C = Vault XP percentage of total XP
 D = Non-vault monster count
 E = Vault monster count
 F = Vault count percentage of total count
                 A         B        C        D         E       F
            +---------+---------+-------+---------+---------+-------
      Total |     751 |     203 |  21.3 |     102 |       2 |   1.9
            +---------+---------+-------+---------+---------+-------
        D:1 |      13 |       0 |   0.0 |       9 |       0 |   0.0
        D:2 |     120 |       0 |   0.0 |      26 |       0 |   0.0
        D:3 |     280 |      37 |  11.7 |      41 |       1 |   2.4
        D:4 |     338 |     166 |  32.9 |      26 |       1 |   3.7
            +---------+---------+-------+---------+---------+-------
